 Dungeon Crawl Stone Soup version 0.27.1-3-gb3d3a73c9e (webtiles) character file.

Game seed: 6058484009263655434

141 Eitelfritz the Slasher (level 5, 0/39 HPs)
             Began as a Demonspawn Gladiator on Oct 22, 2021.
             Slain by Sigmund (1 damage)
             ... on level 2 of the Dungeon.
             The game lasted 00:05:25 (2090 turns).

Eitelfritz the Slasher (Demonspawn Gladiator)       Turns: 2090, Time: 00:05:25

Health: 0/39       AC:  6    Str: 16    XL:     5   Next: 3%
Magic:  4/5        EV: 12    Int:  9    God:
Gold:   142        SH:  0    Dex: 16    Spells: 3/5 levels left

rFire    . . .     SeeInvis .   a - +0 long sword
rCold    . . .     Faith    .   (no shield)
rNeg     . . .     Spirit   .   j - +0 ring mail
rPois    .         Reflect  .   c - +0 helmet
rElec    .         Harm     .   (no cloak)
rCorr    .         Rampage  .   (no gloves)
Will     .....                  (no boots)
Stlth    ++........             (no amulet)
HPRegen  0.13/turn              (no ring)
MPRegen  0.09/turn              (no ring)

@: mighty
A: hooves 1, thin skeletal structure 1, powered by pain 1, spiny 1
a: no special abilities


You were on level 2 of the Dungeon.
You visited 1 branch of the dungeon, and saw 4 of its levels.

You collected 142 gold pieces.

Inventory:

Hand Weapons
 a - a +0 long sword (weapon)
Missiles
 d - 2 throwing nets (quivered)
Armour
 c - a +0 helmet (worn)
 j - a +0 ring mail (worn)
Wands
 b - a wand of polymorph (11)
Scrolls
 g - a scroll of identify {unknown}
 h - a scroll of amnesia {unknown}
 i - 2 scrolls of noise {unknown}
Potions
 f - a potion of degeneration {unknown}
 k - a potion of mutation {unknown}


   Skills:
 + Level 2.5 Fighting
 + Level 4.0 Long Blades
 + Level 1.8 Throwing
 + Level 0.8 Armour
 + Level 3.2 Dodging
 + Level 1.1 Stealth
 + Level 0.5 Spellcasting
 + Level 0.9 Necromancy


You had 3 spell levels left.
You knew the following spells:

 Your Spells              Type           Power      Damage    Failure   Level
a - Animate Skeleton      Necr           2%         N/A       45%         1
b - Pain                  Necr           4%         1d4       45%         1

Your spell library contained the following spells:

 Spells                   Type           Power      Damage    Failure   Level
 Blink                    Tloc           N/A        N/A       75%         2
 Vampiric Draining        Necr           0%         2d6       83%         3
 Manifold Assault         Tloc           0%         N/A       100%        5
 Storm Form               Tmut/Air       0%         N/A       100%        7


Dungeon Overview and Level Annotations

Branches:
Dungeon (4/15)
 Temple: D:4-7

Altars:

Annotations:
D:2 Sigmund


Innate Abilities, Weirdness & Mutations

You have large cloven feet.
You have a somewhat thin skeletal structure. (Dex +2, Stealth+)
You sometimes gain a little power by taking damage.
You are partially covered in sharp spines.


Message History

You riposte.
You hit the adder.
You kill the adder!
You have reached level 5!
Your demonic ancestry asserts itself...
You feel energised by your suffering.
Sigmund hits you from afar with a +0 scythe.
You see here an adder corpse.
Casting: Animate Skeleton (safe; 45% risk of failure)
Confirm with . or Enter, or press ? or * to list all spells.
You miscast Animate Skeleton.
You are very lightly contaminated with residual magic.
Nothing appears to happen.
Sigmund misses you.
Casting: Animate Skeleton (safe; 45% risk of failure)
Confirm with . or Enter, or press ? or * to list all spells.
You attempt to give life to the dead...
Before your eyes, flesh is ripped from the corpse!
The dead are slithering!
Sigmund misses you.
You hit Sigmund. You kick Sigmund.
Sigmund is lightly wounded.
Your adder skeleton barely misses Sigmund.
Sigmund hits you with a +0 scythe.
You barely miss Sigmund. Your kick misses Sigmund.
Sigmund is lightly wounded.
Your adder skeleton bites Sigmund.
Sigmund mumbles some strange words.
Sigmund flickers and vanishes!
Deactivating autopickup; reactivate with Ctrl-A.
You miss something. Something hits you.
Your magical contamination has completely faded away.
You miss something. Something hits you.
You barely miss something. Your kick misses something. You miss something.
Something hits you!
* * * LOW HITPOINT WARNING * * *
You barely miss something. You kick something. Something hits you!
* * * LOW HITPOINT WARNING * * *
It was a potion of might.
You feel very mighty all of a sudden. Something hits you.
You die...

.. ##.......##..# #.#
#..#.###..#..##
#..####.#...####....#
#............##..##.#
#....................
#..........<..####...
#####..................#.
.................########
.......{@........## #
#####...Z.#......<#
#....<#.......# #### #
#.....#.......####...
....###############...........##
>........).............########
....#################### @


You could see a friendly adder skeleton.

Vanquished Creatures
  Robin (D:2)
  6 adders
  3 worms (D:2)
  3 dart slugs
  An orc (D:3)
  5 ball pythons
  2 endoplasms (D:1)
  2 giant cockroaches (D:1)
  11 goblins
  9 hobgoblins
  3 quokkas
  6 bats
  5 frilled lizards
  3 kobolds
  3 rats (D:1)
63 creatures vanquished.

Vanquished Creatures (collateral kills)
  A ball python (D:2)
1 creature vanquished.

Grand Total: 64 creatures vanquished

Notes
Turn   | Place    | Note
-------+----------+-------------------------------------------
     0 | D:1      | Eitelfritz the Demonspawn Gladiator began the quest for the
                  | Orb.
     0 | D:1      | Reached XP level 1. HP: 16/16 MP: 1/1
    39 | D:1      | Reached skill level 3 in Long Blades
   250 | D:1      | Gained mutation: You have a somewhat thin skeletal
                  | structure. (Dex +2, Stealth+) [demonic ancestry]
   250 | D:1      | Reached XP level 2. HP: 20/22 MP: 2/2
   554 | D:1      | Gained mutation: You have large cloven feet. [demonic
                  | ancestry]
   554 | D:1      | Reached XP level 3. HP: 24/27 MP: 3/3
   765 | D:1      | Found a faded altar of an unknown god.
   986 | D:2      | Noticed Robin
   995 | D:2      | Killed Robin
   996 | D:2      | Gained mutation: You are partially covered in sharp spines.
                  | [demonic ancestry]
   996 | D:2      | Reached XP level 4. HP: 26/33 MP: 4/4
  1139 | D:2      | Learned a level 1 spell: Animate Skeleton
  1496 | D:2      | You fall into a shaft and drop 2 floors!
  1608 | D:3      | Reached skill level 1 in Stealth
  1610 | D:3      | Reached skill level 4 in Long Blades
  1696 | D:3      | Learned a level 1 spell: Pain
  1954 | D:2      | Noticed Sigmund
  2078 | D:2      | Gained mutation: You sometimes gain a little power by
                  | taking damage. [demonic ancestry]
  2078 | D:2      | Reached XP level 5. HP: 35/39 MP: 5/5
  2089 | D:2      | HP: 1/39 [something (10)]
  2090 | D:2      | Slain by Sigmund

Illustrated notes

Levels and vault maps discovered:
D:1:      mrwooster_arrival_arrow, layout_rooms,
          dilly_ecumenical_altar_fadedgnrine, corexii_leaking_fountain,
          st_stairs_10, minmay_misc_feat_pillars
D:2:      layout_rooms, minmay_pentomino_u2, uniq_robin, uniq_sigmund,
          uniq_terence
D:3:      layout_loops_cross, serial_shops, shop, uniq_grinder
D:4:      kennysheep_spiral_hall, layout_loops_ring,
          nicolae_ru_sacrificial_ziggurat, minmay_temple_entry_mist,
          kennysheep_donut, minmay_manual_mess, uniq_ijyb, uniq_natasha

Skill      XL: |  1  2  3  4 |
---------------+-------------+-----
Long Blades    | 3 4 |  4.0
Dodging        | 3 |  3.2
Stealth        | 1 |  1.1
Fighting       | |  2.5
Throwing       | |  1.8
Armour         | |  0.8
Spellcasting   | |  0.5
Necromancy     | |  0.9

Action                   |  1- 3 |  4- 6 || total
-------------------------+-------+-------++-------
Melee: Long sword        |    81 |    49 ||   130
       Kick              |    17 |    19 ||    36
Throw: Throwing net      |       |     1 ||     1
 Cast: Animate Skeleton  |       |    12 ||    12
  Use: Potion            |       |     1 ||     1
 Stab: Sleeping          |     5 |     4 ||     9
Armor: Leather armour    |    36 |     3 ||    39
       Ring mail         |       |     1 ||     1
Dodge: Dodged            |    88 |    26 ||   114
       Rpst.: Long sword |    33 |     9 ||    42
